 Dungeon Crawl Stone Soup version 0.21-a0-531-gacddea6 (webtiles) character file.

333 Amnesiac the Twirler (level 6, 0/35 HPs)
             Began as a Deep Elf Gladiator on Dec 13, 2017.
             Slain by a sky beast (6 damage)
             ... on level 4 of the Dungeon.
             The game lasted 00:06:58 (4229 turns).

Amnesiac the Twirler (Deep Elf Gladiator)           Turns: 4229, Time: 00:06:59

Health: 0/35       AC:  7    Str: 13    XL:     6   Next: 27%
Magic:  8/8        EV: 11    Int: 13    God:
Gold:   246        SH:  6    Dex: 16    Spells: 5/5 levels left

rFire    . . .     SeeInvis .   a - +0 quarterstaff
rCold    . . .     Gourm    .   (shield currently unavailable)
rNeg     . . .     Faith    .   e - +0 scale mail
rPois    .         Spirit   .   C - +0 helmet
rElec    .         Reflect  +   (no cloak)
rCorr    .         Harm     .   (no gloves)
MR       .....                  (no boots)
Stlth    ..........             s - +6 amulet of reflection
HPRegen  0.11/turn              (no ring)
MPRegen  0.11/turn              (no ring)

@: no status effects
A: no striking features
a: no special abilities


You were on level 4 of the Dungeon.
You were not hungry.

You visited 1 branch of the dungeon, and saw 5 of its levels.

You collected 246 gold pieces.

Inventory:

Hand Weapons
 a - a +0 quarterstaff (weapon)
 b - a +0 hunting sling
Missiles
 d - 3 throwing nets (quivered)
 t - 39 arrows
 u - 66 sling bullets
 v - 43 poisoned needles
 B - 6 curare-tipped needles
Armour
 e - a +0 scale mail (worn)
 i - a +0 plate armour
 C - a +0 helmet (worn)
Jewellery
 s - a +6 amulet of reflection (around neck)
Wands
 x - a wand of scattershot (5)
 D - a wand of random effects (15)
Scrolls
 g - a scroll of remove curse {!r}
 h - a scroll of random uselessness {!r, unknown}
 l - 2 scrolls of teleportation {!r, unknown}
 m - a scroll of amnesia {!r, unknown}
 n - 4 scrolls of identify {!r, unknown}
 o - a scroll of enchant weapon {!r, unknown}
 r - a scroll of magic mapping {!r, unknown}
Potions
 j - 3 potions of might {!q, unknown}
 k - 6 potions of curing {!q, unknown}
 w - 2 potions of haste {!q, unknown}
 z - a potion of heal wounds {!q, unknown}
 A - a potion of lignification {!q, unknown}
 E - a potion of flight {!q, unknown}
Books
 y - a book of Changes

   Spells                             Type                      Level
   a - Beastly Appendage              Transmutation                1
   b - Sticks to Snakes               Transmutation                2
   c - Spider Form                    Transmutation/Poison         3
   d - Ice Form                       Ice/Transmutation            4
   e - Blade Hands                    Transmutation                5
Comestibles
 f - 6 bread rations
 p - 3 meat rations
 q - 2 royal jellies


   Skills:
 + Level 2.0 Fighting
 - Level 6.0 Staves
 - Level 2.0 Throwing
 * Level 2.6 Armour
 - Level 3.6 Dodging


You had 5 spell levels left.
You didn't know any spells.

Dungeon Overview and Level Annotations

Branches:
Dungeon (5/15)
 Temple: D:4-7

Altars:
Makhleb
Trog
Wu Jian


Message History

A sky beast appears from thin air!
Reactivating autopickup.
The sky beast flickers out of sight!
Deactivating autopickup; reactivate with Ctrl-A.
The centaur shoots an arrow.
The arrow hits you!
The centaur shoots an arrow.
The arrow hits you.
You see here 2 arrows.
The centaur shoots an arrow.
Something hits you but does no damage.
There is a stone staircase leading up here.
You see here an arrow.
Something hits you but does no damage.
You climb upwards.
There is a stone staircase leading down here.
You barely miss something. Something hits you but does no damage.
You completely miss something.
A sky beast appears from thin air!
Reactivating autopickup.
You block the sky beast's attack.
You hit the sky beast.
The sky beast is lightly wounded.
The sky beast hits you but does no damage.
You hit the sky beast.
The sky beast is lightly wounded.
The sky beast hits you but does no damage.
You hit the sky beast but do no damage.
The sky beast is lightly wounded.
You block the sky beast's attack.
You hit the sky beast.
The sky beast is moderately wounded.
The sky beast barely misses you.
You sock the sky beast!
The sky beast is heavily wounded.
The sky beast hits you but does no damage.
You barely miss the sky beast.
The sky beast is heavily wounded.
The sky beast flickers out of sight!
Deactivating autopickup; reactivate with Ctrl-A.
Something hits you but does no damage.
You hit something but do no damage. Something hits you. Something shocks you.
* * * LOW HITPOINT WARNING * * *
Something hits you but does no damage.
You closely miss something. Something hits you but does no damage.
You closely miss something. Something completely misses you.
You hit something.
A sky beast appears from thin air!
Reactivating autopickup.
You block the sky beast's attack.
You hit the sky beast.
The sky beast is severely wounded.
The sky beast hits you but does no damage.
You closely miss the sky beast.
The sky beast is severely wounded.
The sky beast hits you.
* * * LOW HITPOINT WARNING * * *
The sky beast shocks you.
* * * LOW HITPOINT WARNING * * *
You closely miss the sky beast.
The sky beast is severely wounded.
The sky beast hits you but does no damage.
Your scale mail prevents you from hitting the sky beast.
The sky beast is severely wounded.
The sky beast hits you.
* * * LOW HITPOINT WARNING * * *
The sky beast shocks you.
You die...

...# #........# ######
...##########..#
#....#
...#...........#
#.#.##
...........≈>#.# #.#<#
.......#####.#.###.###
.......# #.#.....#
.......# #.#.#####
+##'#### #.#.Y≈#
.##.########.#.#@#
.............#...#
###.############## #.#
#.# #.# #.# ###.#
#.#.#


You could see a sky beast.

Vanquished Creatures
  A crimson imp (D:5)
  A bullfrog skeleton (D:4)
  An orc priest (D:3)
  An iguana (D:4)
  2 worker ants (D:4)
  Robin (D:4)
  3 gnolls (D:3)
  3 adders
  An adder skeleton (D:4)
  2 worms (D:2)
  2 dart slugs
  4 leopard geckos
  3 orcs
  A ball python (D:1)
  2 giant cockroaches
  13 goblins
  6 hobgoblins
  10 jackals
  2 quokkas (D:2)
  11 bats
  5 frilled lizards
  3 kobolds
  5 rats
83 creatures vanquished.

Vanquished Creatures (others)
  A wizard (D:3)
1 creature vanquished.

Grand Total: 84 creatures vanquished

Notes
Turn   | Place    | Note
-------+----------+-------------------------------------------
     0 | D:1      | Amnesiac the Deep Elf Gladiator began the quest for the Orb.
     0 | D:1      | Reached XP level 1. HP: 12/12 MP: 3/3
   346 | D:1      | Reached XP level 2. HP: 14/16 MP: 4/4
  1086 | D:2      | Reached skill level 1 in Armour
  1097 | D:2      | Reached XP level 3. HP: 14/20 MP: 5/5
  1291 | D:2      | Reached skill level 4 in Staves
  1576 | D:2      | Found an ornate altar of the Wu Jian Council.
  2057 | D:3      | Found a bloodstained altar of Trog.
  2060 | D:3      | Noticed a wizard
  2065 | D:3      | Killed a wizard
  2369 | D:3      | Reached XP level 4. HP: 25/25 MP: 6/6
  2642 | D:3      | Reached skill level 5 in Staves
  2984 | D:3      | Reached XP level 5. HP: 21/29 MP: 7/7
  3390 | D:4      | Noticed Robin
  3414 | D:4      | Killed Robin
  3426 | D:4      | Reached skill level 6 in Staves
  3784 | D:4      | Reached XP level 6. HP: 28/35 MP: 8/8
  3916 | D:4      | Found a burning altar of Makhleb.
  4001 | D:5      | Entered Level 5 of the Dungeon
  4060 | D:5      | Noticed a sky beast
  4229 | D:4      | Slain by a sky beast

Vault maps used:
D:1:      erik_arrival_triangle_medium
D:2:      lemuel_crystal_altar, glass_columns_c
D:3:      serial_bayou, serial_bayou_lagoon_b, serial_bayou_pond_e,
          serial_bayou_lake_a, serial_bayou_lagoon_a, serial_bayou_crossing,
          first_bread, trog_wizard
D:4:      minmay_diamond_boxcup, overflow_temple_1_default, uniq_robin
D:5:      temple_statues

Skill      XL: |  1  2  3  4  5  6 |
---------------+-------------------+-----
Armour         | 1 2 |  2.6
Staves         | 4 5 6 |  6.0
Fighting       | 2 |  2.0
Throwing       | |  2.0
Dodging        | |  3.6

Action                   |  1- 3 |  4- 6 || total
-------------------------+-------+-------++-------
Melee: Quarterstaff      |   111 |   211 ||   322
 Fire: Hunting sling     |     8 |    10 ||    18
  Use: Scroll            |     1 |       ||     1
  Eat: Chunk             |     5 |     6 ||    11
Armor: Scale mail        |    45 |    57 ||   102
       Leather armour    |     3 |       ||     3
Dodge: Dodged            |    59 |    56 ||   115
Block: Other             |       |    54 ||    54
       Reflection        |       |     1 ||     1

Table legend:
 A = Spawn XP
 B = Non-spawn XP
 C = Spawn XP percentage of total XP
 D = Spawn monster count
 E = Non-spawn monster count
 F = Spawn count percentage of total count
 G = Total turns spent on level
                    A         B        C        D         E        F      G
               +---------+---------+-------+---------+---------+-------+---------
         Total |       0 |     477 |   0.0 |       0 |      83 |   0.0 |  4229
               +---------+---------+-------+---------+---------+-------+---------
           D:1 |       0 |      30 |   0.0 |       0 |      17 |   0.0 |  1171
           D:2 |       0 |      47 |   0.0 |       0 |      17 |   0.0 |   979
           D:3 |       0 |     147 |   0.0 |       0 |      25 |   0.0 |   979
           D:4 |       0 |     205 |   0.0 |       0 |      23 |   0.0 |  1021
           D:5 |       0 |      48 |   0.0 |       0 |       1 |   0.0 |    79
               +---------+---------+-------+---------+---------+-------+---------
